 Dungeon Crawl Stone Soup version 0.26.1-11-gd32895ea62 (webtiles) character file.

Game seed: 4825699584791818215

26846 nothank2 the Fencer (level 13, -1/109 HPs)
             Began as a Formicid Fighter on July 16, 2021.
             Was a High Priest of Dithmenos.
             Killed from afar by an electric eel (6 damage)
             ... with a bolt of electricity
             ... on level 3 of the Lair of Beasts.
             The game lasted 00:38:12 (16275 turns).

nothank2 the Fencer (Formicid Fighter)             Turns: 16275, Time: 00:38:14

Health: -1/109     AC: 22    Str: 27    XL:     13   Next: 61%
Magic:  13/13      EV: 10    Int:  7    God:    Dithmenos [*****.]
Gold:   641        SH: 12    Dex: 16    Spells: 12/12 levels left

rFire    + . .     SeeInvis +   S - +1 great sword (drain)
rCold    . . .     Faith    .   c - +0 kite shield
rNeg     . . .     Spirit   .   b - +6 scale mail {rF+}
rPois    .         Reflect  .   (helmet unavailable)
rElec    .         Harm     .   E - +2 cloak
rCorr    .         Rampage  .   k - +0 pair of gloves
Will     ++...                  u - +2 pair of boots
Stlth    ..........             (no amulet)
HPRegen  0.28/turn              h - +6 ring of dexterity
MPRegen  0.13/turn              N - ring of willpower

@: lethally poisoned (-1 -> -1), wreathed by umbra
A: permanent stasis, dig shafts and tunnels, four strong arms, antennae 3
a: Dig, Shaft Self, Renounce Religion, Shadow Step, Shadow Form


You were on level 3 of the Lair of Beasts.
You worshipped Dithmenos.
Dithmenos was extremely pleased with you.
You visited 2 branches of the dungeon, and saw 14 of its levels.

You collected 1005 gold pieces.
You spent 364 gold pieces at shops.

Inventory:

Hand Weapons
 f - a +2 short sword of flaming
 R - a +2 falchion of draining
 S - a +1 great sword of draining (weapon)
Missiles
 x - 18 boomerangs
 z - 18 poisoned darts (quivered)
Armour
 b - a +6 scale mail of fire resistance (worn)
 c - a +0 kite shield (worn)
 k - a +0 pair of gloves (worn)
 l - the +0 pair of boots "Zeam" {MP+9}
   (You found it on level 1 of the Lair of Beasts)

   It affects your magic capacity (+9).
 u - a +2 pair of boots (worn)
 E - a +2 cloak (worn)
 M - a +0 cloak
 Q - a +0 plate armour
Jewellery
 a - an uncursed ring of flight {unknown}
 h - a +6 ring of dexterity (left hand)
 n - an uncursed ring of protection from cold
 A - an uncursed ring of positive energy
 N - a ring of willpower (right hand)
Wands
 s - a wand of enslavement (12)
 t - a wand of acid (8)
 B - a wand of polymorph (9)
 J - a wand of disintegration (12)
 L - a wand of random effects (17)
 O - a wand of paralysis (4)
Scrolls
 e - 11 scrolls of remove curse
 g - a scroll of identify
 j - 2 scrolls of summoning
 q - 5 scrolls of amnesia
 y - 2 scrolls of fog
 C - 2 scrolls of immolation
 D - 3 scrolls of fear
 H - a scroll of enchant weapon
 T - 3 scrolls of torment
 U - a scroll of brand weapon {unknown}
 V - a scroll of silence {unknown}
 W - a scroll of random uselessness {unknown}
 X - 2 scrolls of magic mapping
Potions
 d - 6 potions of might
 i - 6 potions of heal wounds
 m - a potion of cancellation
 o - 2 potions of mutation
 p - 12 potions of curing
 r - 6 potions of lignification
 v - 3 potions of flight
 w - 2 potions of magic
 G - 3 potions of attraction
 K - a potion of ambrosia {unknown}


   Skills:
 + Level 12.8 Fighting
 * Level 15.6 Long Blades
 + Level 8.2 Armour
 + Level 9.1 Shields


You had 12 spell levels left.
You didn't know any spells.
Your spell library contained the following spells:

 Spells                   Type           Power        Failure   Level
 Animate Skeleton         Necr           0%           67%         1
 Magic Dart               Conj           0%           67%         1
 Pain                     Necr           0%           67%         1
 Sting                    Tmut/Pois      0%           67%         1
 Call Imp                 Summ           0%           80%         2
 Poisonous Vapours        Pois/Air       0%           80%         2
 Slow                     Hex            0%           80%         2
 Conjure Flame            Conj/Fire      0%           95%         3
 Ignite Poison            Fire/Tmut/Pois 0%           95%         3
 Mephitic Cloud           Conj/Pois/Air  0%           95%         3
 Vampiric Draining        Necr           0%           95%         3
 Animate Dead             Necr           0%           100%        4
 Olgreb's Toxic Radiance  Pois           0%           100%        4
 Agony                    Necr           0%           100%        5
 Freezing Cloud           Conj/Ice/Air   0%           100%        6
 Blink                    Tloc           Unusable     N/A         2

Dungeon Overview and Level Annotations

Branches:
Dungeon (11/15)            Temple (0/1) D:5            Lair (3/6) D:11
  Swamp: Lair:2-4    Shoals: Lair:2-4     Snake: Lair:2-4    Spider: Lair:2-4
    Orc: D:9-12

Altars:
Dithmenos
Elyvilon
Fedhas
Gozag
Hepliaklqana
Nemelex Xobeh
Ru
Sif Muna
Xom
Zin
Lugonu

Shops:
D:9 *

Portals:
Abyss: D:8

Annotations:
D:10 3 runed translucent doors, JBAR's ghost, journeyman GnWn
D:11 1 runed translucent door


Innate Abilities, Weirdness & Mutations

You cannot be hasted, slowed, berserked, paralysed or teleported.
You can dig through walls and to a lower floor.
Your four strong arms can wield two-handed weapons with a shield.
You have a pair of large antennae on your head. (SInv)


Message History

The electric eel shoots out a bolt of lightning at you!
The bolt of electricity hits you.
* * * LOW HITPOINT WARNING * * *
A yak comes into view. x2
The electric eel shoots out a bolt of lightning at you!
The bolt of electricity hits the plant.
The plant begins to die.
The bolt of electricity hits the plant!
The plant begins to die.
The bolt of electricity hits you!
* * * LOW HITPOINT WARNING * * *
You hear a bellow!
The electric eel shoots out a bolt of lightning at you!
The bolt of electricity hits the plant! x2
The bolt of electricity hits you but does no damage.
You feel sick.
The electric eel shoots out a bolt of lightning at you!
The bolt of electricity hits you!
* * * LOW HITPOINT WARNING * * *
The electric eel shoots out a bolt of lightning at you!
The bolt of electricity hits the plant!
The bolt of electricity hits you.
You die...

##≈P♣♣♣ ##≈≈P≈≈♣
♣≈≈≈≈≈≈♣♣♣♣##
##♣♣≈P≈≈≈≈≈≈♣♣P###
#≈≈≈P≈≈≈≈≈≈≈≈≈♣≈≈###
##≈≈≈≈≈≈≈≈≈PP≈≈≈≈♣♣≈#
#≈P≈≈≈≈≈≈≈≈≈P≈≈≈≈≈P###
##...≈≈≈≈≈≈†≈≈≈≈≈≈≈♣..##
#.....Y@.....†..........
#..;.≈≈≈≈≈≈≈≈≈≈≈≈≈÷♣...#
..P..♣≈.≈≈≈≈≈≈≈≈≈≈≈≈≈≈≈♣###
.Y.Y ♣≈.≈≈≈P♣♣♣≈≈≈≈≈≈≈≈≈#
YY {♣≈≈.P≈≈♣♣ ♣♣♣≈≈≈≈≈≈≈≈≈
♣P≈.P≈≈♣ { ♣≈≈≈≈≈≈≈≈##
♣≈≈.≈≈≈♣ ♣≈≈≈≈≈≈♣♣#
≈≈≈.;≈≈≈ ♣♣♣≈≈≈P#
.♣♣≈.≈≈P## P≈≈≈##


You could see a yak and 2 electric eels.

Vanquished Creatures
  2 hydras
  A boulder beetle (Lair:2)
  Harold (D:7)
  A centaur warrior (D:10)
  2 two-headed ogres (D:10)
  An unseen horror (D:10)
  A wizard (D:10)
  Pikel (D:7)
  A cyclops (D:10)
  An ugly thing (D:11)
  Maurice (D:8)
  2 black mambas
  6 cane toads
  Psyche (D:8)
  4 centaur skeletons
  A rime drake (Lair:2)
  2 komodo dragons
  A polar bear (Lair:2)
  2 hornets
  9 blink frogs
  3 wyverns
  2 vampires (D:10)
  A basilisk (Lair:2)
  27 yaks
  A wraith (D:10)
  2 vampire mosquitoes (D:10)
  2 acid dragons (D:10)
  9 water moccasins
  5 orc warriors
  2 eyes of draining
  A hornet zombie (D:9)
  2 ice beasts
  10 ogres
  A necrophage (D:8)
  2 sky beasts
  3 black bears
  3 phantoms
  4 centaurs
  A lemure (D:7)
  2 big kobolds
  15 bullfrogs
  3 gnoll sergeants
  2 wyvern zombies
  3 scorpions
  8 killer bees
  7 wights
  4 electric eels (Lair:3)
  6 howler monkeys
  A bullfrog zombie (D:6)
  4 jellies
  4 orc priests
  Crazy Yiuf (D:7)
  3 hounds
  A bullfrog skeleton (D:11)
  2 gnoll shamans (D:9)
  11 orc wizards
  Jessica (D:2)
  4 iguanas
  12 worker ants
  A hound zombie (D:9)
  2 hound skeletons
  3 worker ant zombies
  23 gnolls
  8 adders
  3 shadow imps
  2 white imps
  4 oozes
  An adder skeleton (D:8)
  An adder zombie (D:9)
  4 worms
  A dart slug (D:1)
  10 leopard geckos
  23 orcs
  4 ball pythons
  A giant cockroach (D:1)
  12 goblins
  8 hobgoblins
  19 jackals
  12 kobolds
  4 quokkas
  12 bats
  11 frilled lizards
  A leopard gecko skeleton (D:4)
  2 leopard gecko zombies
  8 rats
396 creatures vanquished.

Vanquished Creatures (others)
  3 fungi
  A lurking horror (D:8)
  11 plants
15 creatures vanquished.

Grand Total: 411 creatures vanquished

Notes
Turn   | Place    | Note
-------+----------+-------------------------------------------
     0 | D:1      | nothank2 the Formicid Fighter began the quest for the Orb.
     0 | D:1      | Reached XP level 1. HP: 18/18 MP: 1/1
   183 | D:1      | Reached XP level 2. HP: 21/24 MP: 2/2
   505 | D:1      | Reached XP level 3. HP: 29/30 MP: 3/3
   523 | D:1      | Reached skill level 3 in Long Blades
   782 | D:2      | Found a sacrificial altar of Ru.
   796 | D:2      | Reached XP level 4. HP: 30/37 MP: 4/4
   936 | D:2      | You fall into a shaft and drop 1 floor!
  1019 | D:2      | Noticed Jessica
  1024 | D:2      | Killed Jessica
  1025 | D:2      | Reached skill level 4 in Long Blades
  1058 | D:2      | Reached XP level 5. HP: 42/42 MP: 5/5
  1383 | D:2      | Found an opulent altar of Gozag.
  1383 | D:2      | Found a glowing silver altar of Zin.
  1616 | D:3      | Found a shadowy altar of Dithmenos.
  1626 | D:3      | Became a worshipper of Dithmenos the Shadowed
  2372 | D:4      | Reached XP level 6. HP: 31/49 MP: 6/6
  2634 | D:4      | Reached skill level 5 in Long Blades
  2769 | D:4      | Reached skill level 5 in Fighting
  2971 | D:4      | Reached XP level 7. HP: 48/56 MP: 7/7
  3073 | D:4      | Found a sparkling altar of Nemelex Xobeh.
  3153 | D:4      | Reached skill level 6 in Long Blades
  3278 | D:4      | Reached * piety under Dithmenos
  3483 | D:5      | Entered Level 5 of the Dungeon
  3810 | D:5      | Reached skill level 7 in Long Blades
  3816 | D:5      | Reached XP level 8. HP: 50/64 MP: 8/8
  4100 | D:5      | Found a staircase to the Ecumenical Temple.
  4623 | D:6      | Reached skill level 8 in Long Blades
  4989 | D:6      | Reached XP level 9. HP: 20/72 MP: 9/9
  5365 | D:6      | Reached skill level 9 in Long Blades
  5572 | D:6      | Reached ** piety under Dithmenos
  5746 | D:7      | Noticed Harold
  5759 | D:7      | Killed Harold
  5760 | D:7      | Reached skill level 10 in Long Blades
  6088 | D:7      | Reached XP level 10. HP: 74/82 MP: 10/10
  6147 | D:7      | Noticed Pikel
  6157 | D:7      | Killed Pikel
  6158 | D:7      | Reached skill level 11 in Long Blades
  6623 | D:7      | Found a runed translucent door.
  6624 | D:7      | Noticed Crazy Yiuf
  6678 | D:7      | Killed Crazy Yiuf
  7658 | D:8      | Noticed Psyche
  7669 | D:8      | Killed Psyche
  7670 | D:8      | Reached skill level 12 in Long Blades
  7741 | D:8      | Found a one-way gate to the infinite horrors of the Abyss.
  7742 | D:8      | Found a corrupted altar of Lugonu.
  7987 | D:8      | Reached *** piety under Dithmenos
  7997 | D:8      | Reached skill level 10 in Fighting
  8125 | D:8      | Noticed Maurice
  8241 | D:8      | Killed Maurice
  8412 | D:8      | Found a shimmering blue altar of Sif Muna.
  8576 | D:9      | Found a shimmering altar of Xom.
  8578 | D:9      | Found Joacro's General Store.
  8578 | D:9      | Found a blossoming altar of Fedhas.
  8578 | D:9      | Found a hazy altar of Hepliaklqana.
  8592 | D:9      | Bought a +3 scale mail of fire resistance for 364 gold
                  | pieces
  8844 | D:9      | Reached XP level 11. HP: 81/92 MP: 11/11
  9513 | D:9      | Reached **** piety under Dithmenos
  9776 | D:10     | Entered Level 10 of the Dungeon
  9849 | D:10     | Reached skill level 13 in Long Blades
 10243 | D:10     | Noticed a two-headed ogre
 10272 | D:10     | Killed a two-headed ogre
 10453 | D:10     | Noticed a five-headed hydra
 10470 | D:10     | Killed a five-headed hydra
 10697 | D:10     | Reached skill level 5 in Shields
 10730 | D:10     | Noticed a cyclops
 10750 | D:10     | HP: 1/93 [acid (13)]
 11151 | D:10     | Killed a cyclops
 11235 | D:10     | Reached skill level 5 in Armour
 11246 | D:10     | Noticed an unseen horror
 11274 | D:10     | Killed an unseen horror
 11275 | D:10     | Reached XP level 12. HP: 50/100 MP: 12/12
 11458 | D:10     | Noticed a wizard
 11473 | D:10     | Killed a wizard
 11497 | D:10     | Noticed a two-headed ogre
 11498 | D:10     | Noticed a centaur warrior
 11514 | D:10     | Killed a centaur warrior
 11515 | D:10     | Reached skill level 14 in Long Blades
 11524 | D:10     | Killed a two-headed ogre
 11719 | D:10     | Found a runed translucent gate.
 12084 | D:10     | Found a runed translucent gate.
 12084 | D:10     | Found a runed translucent gate.
 12085 | D:10     | Found an opulent altar of Gozag.
 12100 | D:10     | Noticed JBAR's ghost (journeyman GnWn)
 12153 | D:10     | Reached ***** piety under Dithmenos
 12816 | D:11     | Found a runed translucent door.
 12817 | D:11     | Found a white marble altar of Elyvilon.
 12817 | D:11     | Noticed an angel
 12972 | D:11     | Found a staircase to the Lair.
 13130 | Lair:1   | Entered Level 1 of the Lair of Beasts
 13924 | Lair:1   | Reached XP level 13. HP: 108/108 MP: 13/13
 14280 | Lair:1   | Got a pair of dazzling boots
 14291 | Lair:1   | Identified the +0 pair of boots "Zeam" {MP+9} (You found it
                  | on level 1 of the Lair of Beasts)
 14404 | Lair:2   | Reached skill level 15 in Long Blades
 14913 | Lair:2   | Noticed a boulder beetle
 14925 | Lair:2   | Killed a boulder beetle
 15056 | Lair:2   | Noticed a four-headed hydra
 15070 | Lair:2   | Killed a four-headed hydra
 16275 | Lair:3   | HP: 5/109 [electric eel/bolt of electricity (10)]
 16275 | Lair:3   | Killed from afar by an electric eel

Illustrated notes

Levels and vault maps discovered:
D:1:      amcnicky_arrival_gap_in_the_tavern_cellar, layout_basic,
          corexii_leaking_fountain, minmay_tetromino_s2
D:2:      layout_rooms, grunt_temple_overflow_gold_and_silver,
          nicolae_ru_sacrificial_ziggurat, uniq_jessica
D:3:      layout_basic, nicolae_dithmenos_through_a_glass_darkly
D:4:      layout_basic, nemelex_xobeh_ov_fountains_minmay
D:5:      layout_rooms, minmay_temple_entry_overgrown
D:6:      layout_rooms, minmay_misc_feat_nine_boxes
D:7:      minmay_spotlight, layout_loops_ring, uniq_pikel, uniq_harold,
          uniq_crazy_yiuf_cottage
D:8:      layout_loops_cross, lemuel_blue_sif_altar,
          amcnicky_altar_lugonu_corruption, uniq_maurice, uniq_psyche
D:9:      layout_cave_pools, gammafunk_temple_overflow_forgotten,
          serial_gnoll_camp, gnoll_camp_mini_basic, gnoll_camp_mini_hut,
          gnoll_camp_mini_doghouse, gnoll_camp_mini_hut, gnoll_camp_medium_01,
          gnoll_camp_mini_hut, serial_shops, nicolae_shop_crystal
D:10:     minmay_the_grid_octo_tiled_octocenter
          [minmay_the_grid_octo_fat_diamond, minmay_the_grid_octo_clover_2,
          minmay_the_grid_octo_tetromino_candy, minmay_the_grid_octo_pinwheel,
          minmay_the_grid_octo_prize_square_snowflake,
          minmay_the_grid_square_5x5_fancy_junction,
          minmay_the_grid_square_5x5_gyroscope, minmay_the_grid_square_5x5_n,
          minmay_the_grid_square_5x5_broken_cross], layout_irregular_city,
          ebering_ghost_gozag
D:11:     layout_small_grid, lair_entry_dummy, lemuel_angel_altar
Lair:1:   layout_regular_city
Lair:2:   layout_misc_corridors
Lair:3:   layout_gridlike, swamp_mist, serial_bayou_lagoon_b, uniq_gastronok,
          uniq_nergalle

Skill      XL: |  1  2  3  4  5  6  7  8  9 10 11 12 13 |
---------------+----------------------------------------+-----
Long Blades    | 3 4 5 7 8 10 12 13 14 15 | 15.6
Fighting       | 4 5 6 7 8 10 11 12 | 12.8
Shields        | 5 7 9 |  9.1
Armour         | 5 7 8 |  8.2

Action                   |  1- 3 |  4- 6 |  7- 9 | 10-12 | 13-15 || total
-------------------------+-------+-------+-------+-------+-------++-------
Melee: Long sword        |    98 |   180 |   302 |   600 |       ||  1180
       Unarmed           |       |       |       |     7 |       ||     7
       Short sword       |       |       |       |    13 |    11 ||    24
       Great sword       |       |       |       |   178 |   154 ||   332
Throw: Boomerang         |       |       |     5 |       |       ||     5
       Dart              |       |       |     6 |    24 |     1 ||    31
Evoke: Wand              |       |       |     1 |       |       ||     1
  Use: Scroll            |       |       |       |    26 |     2 ||    28
       Potion            |       |       |       |       |     1 ||     1
 Stab: Distracted        |       |     2 |       |     1 |       ||     3
Armor: Scale mail        |    56 |    53 |    85 |   193 |    42 ||   429
       Ring mail         |       |       |       |    75 |       ||    75
Dodge: Dodged            |    47 |    62 |    91 |   254 |    62 ||   516
Block: Kite shield       |    56 |    86 |   147 |   391 |    80 ||   760
       Rpst.: Long sword |    16 |    18 |    23 |    58 |       ||   115
       Great sword       |       |       |       |    17 |    10 ||    27
